 Dungeon Sprint DCSS version 0.30-a0-528-g8c47a4955b (webtiles) character file.

Game seed: 13821824063564662285

419646 fozzywoppz the Conqueror (level 20, -3/183 (216) HPs)
             Began as a Minotaur Fighter on Sept 1, 2022.
             Was a High Priest of Okawaru.
             Killed from afar by a Tzitzimitl (36 damage)
             ... with a bolt of negative energy
             ... in the Dungeon (Sprint IX: "|||||||||||||||||||||||||||||") on Dec 23, 2022.
             The game lasted 01:04:01 (11886 turns).

fozzywoppz the Conqueror (Minotaur Fighter)        Turns: 11886, Time: 01:04:02

HP:   -3/183 (216)  AC: 40    Str: 27    XL:     20   Next: 49%
MP:   34/38         EV: 19    Int:  5    God:    Okawaru [*****.]
Gold: 765           SH: 32    Dex: 16    Spells: 49/49 levels left

rFire   + + .      SeeInvis .    H - +10 morningstar "Eos" {elec, Halo rElec}
rCold   . . .      Faith    .    l - +7 tower shield of Ginybeh {Dex+4}
rNeg    . . .      Spirit   .    k - +2 crystal plate armour
rPois   +          Reflect  .    (helmet restricted)
rElec   +          Harm     .    z - +0 cloak {rPois}
rCorr   +          Rampage  .    K - +0 pair of gloves of the Minstrel {rF+ Will+}
Will    ++...      NoTele   +    I - +1 pair of boots
Stlth   +                        O - amulet of magic regeneration
HPRegen 0.50/turn                U - ring of Ynusin {Fire Fly rElec rCorr Dex-4}
MPRegen 0.66/turn                W - ring of Dawn {rC+ Dex+3}

@: finesse-ful, flying, glowing, heavily drained
A: horns 2, retaliatory headbutt, poison resistance
0: Orb of Zot
}: 7/17 runes: decaying, serpentine, barnacled, slimy, elven, silver, gossamer
a: Renounce Religion, Heroism, Finesse


You were in the Dungeon.
You worshipped Okawaru.
Okawaru was extremely pleased with you.
You visited 1 branch You collected 1989 gold pieces.
You spent 1224 gold pieces at shops.

Inventory:

Hand Weapons
 w - a +5 eudemon blade of holy wrath
 y - the +5 broad axe of Homuos {spect, Stlth+}
   (Okawaru gifted it to you in the Dungeon)

   When its wielder attacks, the weapon's spirit leaps out and strikes again.
   The spirit shares a part of any damage it takes with its wielder.
   Stlth:     It makes you more stealthy.
 D - the +5 mace of Conformity {pain, rF+ Str+2}
   (Okawaru gifted it to you in the Dungeon)

   In the hands of one skilled in necromantic magic, it inflicts extra damage on
   living creatures.
   Str:       It affects your strength (+2).
   rF:        It protects you from fire.
 G - the +5 war axe "Worm's Wrath" {flame, rPois}
   (You found it in the Dungeon)

   It burns those it strikes, dealing additional fire damage.
   Big, fiery blades are also staple armaments of hydra-hunters.
   rPois:     It protects you from poison.
 H - the +10 morningstar "Eos" (weapon) {elec, Halo rElec}
   (You found it in the Dungeon)

   It occasionally discharges a powerful burst of electricity upon striking a
   foe.
   It grants its wielder a halo, revealing invisible creatures and increasing
   accuracy against all within it other than the wielder.
   rElec:     It insulates you from electricity.
 P - a +6 broad axe of electrocution
 S - a +4 demon whip of electrocution
Missiles
 n - 10 silver javelins (quivered)
Armour
 k - a +2 crystal plate armour (worn)
 l - the +7 tower shield of Ginybeh (worn) {Dex+4}
   (Okawaru gifted it to you in the Dungeon)

   Dex:       It affects your dexterity (+4).
 o - the +0 pair of boots "Neklog" {rPois rC+ Int-3 Dex+8}
   (You found it in the Dungeon)

   Int:       It affects your intelligence (-3).
   Dex:       It affects your dexterity (+8).
   rC:        It protects you from cold.
   rPois:     It protects you from poison.
 p - quicksilver dragon scales
 z - a +0 cloak of poison resistance (worn)
 B - a +1 tower shield of positive energy
 I - a +1 pair of boots (worn)
 K - the +0 pair of gloves of the Minstrel (worn) {rF+ Will+}
   (Okawaru gifted it to you in the Dungeon)

   rF:        It protects you from fire.
   Will:      It increases your willpower.
 Y - +4 gold dragon scales
Jewellery
 C - a +4 ring of protection
 J - a +4 ring of evasion
 M - a +6 ring of strength
 O - an amulet of magic regeneration (around neck)
 T - the ring of Diullo Gath {Will+ Dex+2}
   (You found it in the Dungeon)

   [ring of willpower]

   Dex:       It affects your dexterity (+2).
   Will:      It increases your willpower.
 U - the ring of Ynusin (left hand) {Fire Fly rElec rCorr Dex-4}
   (You found it in the Dungeon)

   [ring of fire]

   It enhances your fire magic.
   Dex:       It affects your dexterity (-4).
   rF:        It protects you from fire.
   rC:        It makes you vulnerable to cold.
   rElec:     It insulates you from electricity.
   Fly:       It grants you flight.
   rCorr:     It protects you from acid and corrosion.
 V - the ring "Walef" {rF++ Int+3}
   (You found it in the Dungeon)

   [ring of intelligence]

   Int:       It affects your intelligence (+3).
   rF:        It greatly protects you from fire.
 W - the ring of Dawn (right hand) {rC+ Dex+3}
   (You found it in the Dungeon)

   [ring of protection from cold]

   Dex:       It affects your dexterity (+3).
   rC:        It protects you from cold.
 X - the ring of Scepticism {Ice MP+9}
   (You found it in the Dungeon)

   [ring of ice]

   It enhances your ice magic.
   rF:        It makes you vulnerable to fire.
   rC:        It protects you from cold.
   MP:        It affects your magic capacity (+9).
Wands
 c - a wand of iceblast (6)
 s - a wand of light (8)
Scrolls
 b - a scroll of immolation
 g - 3 scrolls of amnesia
 j - 4 scrolls of blinking
 m - a scroll of identify
 r - 2 scrolls of fog
 u - 9 scrolls of enchant weapon
 R - a scroll of fear
Potions
 a - 4 potions of might
 d - a potion of invisibility
 e - 11 potions of curing
 f - 4 potions of haste
 h - 9 potions of magic
 i - 4 potions of berserk rage
 q - 2 potions of resistance
 t - 3 potions of mutation
 A - 2 potions of lignification
 F - a potion of cancellation
 Q - 3 potions of heal wounds
Miscellaneous
 v - a lightning rod (4/4)


   Skills:
 O Level 27 Fighting
 - Level 18.0(24.2) Axes
 + Level 26.4(27) Maces & Flails
 O Level 27 Throwing
 O Level 27 Armour
 O Level 27 Dodging
 + Level 22.9 Stealth
 O Level 27 Shields
 + Level 15.3 Spellcasting
 O Level 27 Invocations
 O Level 27 Evocations


You had 49 spell levels left.
You didn't know any spells.
Your spell library contained the following spells:

 Spells                   Type           Power      Damage    Failure   Level
 Ensorcelled Hibernation  Hex/Ice        6%         N/A       71%         2
 Inner Flame              Hex/Fire       5%         N/A       90%         3
 Spider Form              Tmut/Pois      3%         N/A       90%         3
 Stone Arrow              Conj/Erth      6%         3d7       90%         3
 Anguish                  Hex/Necr       1%         N/A       100%        4
 Fireball                 Conj/Fire      2%         3d4       100%        5
 Lee's Rapid Deconstruct  Erth           1%         3d4*      100%        5
 Lehudib's Crystal Spear  Conj/Erth      1%         10d2      100%        8
 Animate Armour           Summ/Erth      Unusable   N/A       N/A         4

Dungeon Overview and Level Annotations

Branches:
Dungeon (1/1)

Altars:
Cheibriados
Dithmenos
Elyvilon
Fedhas
Gozag
Hepliaklqana
Kikubaaqudgha
Makhleb
Nemelex Xobeh
Okawaru
Qazlal
Ru
Sif Muna
Trog
Uskayaw
Vehumet
Wu Jian
Xom
Yredelemnul
Zin
The Shining One
Jiyva
Lugonu

Shops:
D :[*=


Innate Abilities, Weirdness & Mutations

You have a pair of horns on your head.
You reflexively headbutt those who attack you in melee.
Your system is resistant to poisons. (rPois)


Message History

There is an opulent altar of Gozag here.
There is a blossoming altar of Fedhas here.
A Tzitzimitl comes into view.
There is a white marble altar of Elyvilon here.
There is a shadowy altar of Dithmenos here.
The Tzitzimitl gestures at you. The bolt of negative energy hits you!!!
You feel drained.
There is a snail-covered altar of Cheibriados here.
There is a roughly hewn altar of Beogh here.
You hit the Tzitzimitl. Your headbutt misses the Tzitzimitl.
The Tzitzimitl is lightly wounded.
You bludgeon the Tzitzimitl!! You headbutt the Tzitzimitl.
The Tzitzimitl is moderately wounded.
You block the Tzitzimitl's attack. x2
You barely miss the Tzitzimitl. Your headbutt misses the Tzitzimitl.
The Tzitzimitl is moderately wounded.
You block the Tzitzimitl's attack.
The Tzitzimitl bites you but does no damage.
You bludgeon the Tzitzimitl!! You headbutt the Tzitzimitl!
The Tzitzimitl is severely wounded.
You hit the Tzitzimitl. Your headbutt misses the Tzitzimitl.
The Tzitzimitl is severely wounded.
The Tzitzimitl calls on the powers of darkness!
Your body is wracked with pain!
You sock the Tzitzimitl!
You headbutt the Tzitzimitl, but do no damage.
The Tzitzimitl is severely wounded.
The Tzitzimitl gestures at you. The bolt of negative energy hits you!!
You feel drained.
* * * LOW HITPOINT WARNING * * *
You hit the Tzitzimitl.
The Tzitzimitl is almost dead.
Okay, then.
You can now deal lightning-fast blows.
The Tzitzimitl closely misses you. You block the Tzitzimitl's attack.
You sock the Tzitzimitl! You headbutt the Tzitzimitl.
The Tzitzimitl is almost dead.
The Tzitzimitl gestures at you. The bolt of negative energy hits you!!!
You feel drained.
You die...

'▓.▓.▓.▓.▓.▓.▓.▓_▓
.♣.▓.▓.▓)▓.▓.▓.▓.▓
.♣.▓.▓.▓)▓.▓.▓[▓_▓
.♣.▓)▓.▓)▓.▓.▓.▓_▓
.♣.▓.▓.▓)▓.▓'▓.▓_▓
.♣.▓)▓[▓)▓.▓.▓.▓_▓
.♣.▓)▓.▓[▓.▓.▓.▓_▓
.♣.▓)▓.▓.▓.▓.▓.▓_▓
.♣.▓)▓.▓[▓.▓.▓.▓@▓
.♣.▓.▓.▓)▓.▓.▓.▓1▓
'♣.▓)▓.▓[▓.▓.▓.▓.▓
.▓.▓.▓.▓)▓.▓|▓)▓.▓
[▓.▓.▓.▓)▓.▓.▓.▓.▓
.▓.▓.▓.▓.▓.▓.▓.▓.▓
.▓.▓.▓.▓.▓.▓.▓.▓)▓
.▓.▓.▓.▓.▓.▓.▓.▓[▓
.▓.▓'▓.▓.▓.▓.▓.▓.▓


You could see a Tzitzimitl.

Vanquished Creatures
  4 pandemonium lords (D)
  the Royal Jelly (D)
  6 ancient liches (D)
  4 orbs of fire (D)
  Mara (D)
  Frederick (D)
  Boris (twice) (D)
  Margery (D)
  A curse toe (D)
  4 golden dragons (D)
  Jory (D)
  A Brimstone Fiend (D)
  3 electric golems (D)
  A bone dragon (D)
  A Tzitzimitl (D)
  6 tentacled monstrosities (D)
  30 Orb Guardians (D)
  2 Ice Fiends (D)
  5 liches (D)
  2 quicksilver dragons (D)
  2 deep elf blademasters (D)
  10 acid blobs (D)
  A deep elf master archer (D)
  3 death cobs (D)
  2 Executioners (D)
  14 sphinxes (D)
  3 storm dragons (D)
  6 azure jellies (D)
  A draconian monk (D)
  Ilsuiw (D)
  4 nagarajas (D)
  8 shadow dragons (D)
  A frost giant (D)
  2 fire giants (D)
  2 demonspawn warmongers (D)
  8 rockslimes (D)
  Louise (D)
  2 daevas (D)
  2 draconian knights (D)
  2 draconian scorchers (D)
  7 emperor scorpions (D)
  4 deep elf sorcerers (D)
  2 balrugs (D)
  A draconian shifter (D)
  4 ghost moths (D)
  4 vault wardens (D)
  4 very ugly things (D)
  3 ironbound preservers (D)
  3 quicksilver oozes (D)
  A reaper (D)
  A demonspawn corrupter (D)
  A war gargoyle (D)
  A draconian stormcaller (D)
  2 demonspawn blood saints (D)
  An ironbound thunderhulk (D)
  4 stone giants (D)
  2 purple draconians (D)
  4 green draconians (D)
  An eleionoma (D)
  2 deep elf demonologists (D)
  4 black draconians (D)
  7 vampire knights (D)
  3 bunyips (D)
  3 lorocyprocas (D)
  2 deep elf annihilators (D)
  5 white draconians (D)
  4 yellow draconians (D)
  2 spark wasps (D)
  A blizzard demon (D)
  4 merfolk impalers (D)
  5 ettins (D)
  4 deep elf death magi (D)
  5 merfolk javelineers (D)
  3 fire dragons (D)
  3 yaktaur captains (D)
  A great orb of eyes (D)
  A deep elf high priest (D)
  25 vault guards (D)
  A ghost crab (D)
  A peacekeeper (D)
  Erolcha (D)
  7 ice dragons (D)
  7 hydras (D)
  An ironbound frostheart (D)
  A spriggan air mage (D)
  2 hell beasts (D)
  A merfolk avatar (D)
  5 naga warriors (D)
  2 centaur warriors (D)
  4 merfolk aquamancers (D)
  A two-headed ogre (D)
  A deep troll shaman (D)
  A vampire mage (D)
  2 deep troll earth magi (D)
  A spriggan berserker (D)
  2 shock serpents (D)
  10 orc high priests (D)
  3 sun demons (D)
  A soul eater (D)
  6 hell knights (D)
  A skeletal warrior (D)
  2 glowing orange brains (D)
  A pharaoh ant (D)
  A sun moth (D)
  A sixfirhy (D)
  A shadow demon (D)
  6 ironbound convokers (D)
  5 swamp dragons (D)
  3 wizards (D)
  9 orc knights (D)
  A necromancer (D)
  2 wolf spiders (D)
  A will-o-the-wisp (D)
  4 ugly things (D)
  2 manticores (D)
  An elephant (D)
  11 moths of wrath (D)
  3 black mambas (D)
  A merfolk siren (D)
  A torpor snail (D)
  A vault sentinel (D)
  2 guardian serpents (D)
  A large abomination (D)
  An orange demon (D)
  3 naga magi (D)
  4 cane toads (D)
  An unseen horror (shapeshifter) (D)
  A demonic crawler (D)
  Psyche (D)
  A kobold demonologist (D)
  A freezing wraith (D)
  A komodo dragon (D)
  A yaktaur (D)
  A tormentor (D)
  An efreet (D)
  2 hellwings (D)
  3 ice devils (D)
  A red devil (D)
  2 trolls (D)
  A polar bear (D)
  A hornet (D)
  A wind drake (D)
  A blink frog (D)
  2 slime creatures (D)
  2 snapping turtles (D)
  A jumping spider (D)
  A water elemental (D)
  11 spriggans (D)
  A basilisk (D)
  A yak (D)
  5 wyverns (D)
  3 redbacks (D)
  A neqoxec (D)
  A chaos spawn (D)
  3 wargs (D)
  3 nagas (D)
  2 acid dragons (D)
  2 water moccasins (D)
  3 floating eyes (D)
  2 swamp drakes (D)
  9 orc warriors (D)
  7 wolves (D)
  A centaur (D)
  2 bullfrogs (D)
  3 orc priests (D)
  A gnoll bouda (D)
  3 orc wizards (D)
  An iguana (D)
  2 shadow imps (D)
  6 orcs (D)
  A ball python (D)
  An endoplasm (D)
  A giant cockroach (D)
  A quokka (D)
  A rat (D)
521 creatures vanquished.

Vanquished Creatures (others)
  A spriggan druid (D)
  Maurice (D)
  A bloated husk (D)
  A foxfire (D)
4 creatures vanquished.

Grand Total: 525 creatures vanquished

Notes
Turn   | Place    | Note
-------+----------+-------------------------------------------
     0 | D        | fozzywoppz the Minotaur Fighter began the quest for the
                  | Orb.
     0 | D        | Reached XP level 1. HP: 19/19 MP: 0/0
   188 | D        | Noticed a centaur
   188 | D        | Noticed a gnoll bouda
   188 | D        | Noticed an iguana
   200 | D        | Reached XP level 2. HP: 12/28 MP: 1/1
   204 | D        | Reached skill level 5 in Fighting
   204 | D        | Reached skill level 5 in Armour
   204 | D        | Reached skill level 5 in Shields
   204 | D        | Reached XP level 3. HP: 16/36 MP: 2/2
   212 | D        | Reached skill level 5 in Axes
   212 | D        | Reached XP level 4. HP: 24/44 MP: 3/3
   214 | D        | Killed a centaur
   215 | D        | Reached XP level 5. HP: 29/52 MP: 4/4
   224 | D        | Found a snail-covered altar of Cheibriados.
   224 | D        | Found a shadowy altar of Dithmenos.
   224 | D        | Found a white marble altar of Elyvilon.
   224 | D        | Found a blossoming altar of Fedhas.
   224 | D        | Found an opulent altar of Gozag.
   225 | D        | Found a hazy altar of Hepliaklqana.
   226 | D        | Found a viscous altar of Jiyva.
   227 | D        | Found an ancient bone altar of Kikubaaqudgha.
   228 | D        | Found a corrupted altar of Lugonu.
   229 | D        | Found a burning altar of Makhleb.
   230 | D        | Found a sparkling altar of Nemelex Xobeh.
   231 | D        | Found an iron altar of Okawaru.
   232 | D        | Found a stormy altar of Qazlal.
   233 | D        | Found a sacrificial altar of Ru.
   234 | D        | Found a shimmering blue altar of Sif Muna.
   235 | D        | Found a bloodstained altar of Trog.
   236 | D        | Found a hide-covered altar of Uskayaw.
   237 | D        | Found a radiant altar of Vehumet.
   238 | D        | Found an ornate altar of the Wu Jian Council.
   239 | D        | Became a worshipper of Warmaster Okawaru
   240 | D        | Found a shimmering altar of Xom.
   241 | D        | Found a basalt altar of Yredelemnul.
   242 | D        | Found a glowing silver altar of Zin.
   243 | D        | Found a glowing golden altar of the Shining One.
   357 | D        | Noticed a kobold demonologist
   357 | D        | Noticed an acid dragon
   357 | D        | Noticed a wyvern
   357 | D        | Noticed a hornet
   357 | D        | Noticed a wyvern
   357 | D        | Noticed a troll
   360 | D        | Noticed an ice devil
   369 | D        | Killed a troll
   369 | D        | Reached * piety under Okawaru
   370 | D        | Reached XP level 6. HP: 17/66 MP: 5/5
   374 | D        | Killed a wyvern
   375 | D        | Reached skill level 10 in Fighting
   375 | D        | Reached skill level 10 in Axes
   375 | D        | Reached skill level 10 in Shields
   376 | D        | Killed a hornet
   377 | D        | Reached XP level 7. HP: 47/72 MP: 3/8
   378 | D        | Killed a wyvern
   378 | D        | Reached ** piety under Okawaru
   381 | D        | Reached skill level 5 in Invocations
   384 | D        | Killed a kobold demonologist
   385 | D        | Reached XP level 8. HP: 53/79 MP: 4/11
   496 | D        | Noticed a green ugly thing
   496 | D        | Noticed a two-headed ogre
   496 | D        | Noticed a slime creature
   496 | D        | Noticed a white ugly thing
   496 | D        | Noticed a troll
   504 | D        | Killed a troll
   504 | D        | Reached *** piety under Okawaru
   507 | D        | Killed a white ugly thing
   510 | D        | Killed a slime creature
   511 | D        | Reached XP level 9. HP: 67/85 MP: 9/14
   514 | D        | Killed a two-headed ogre
   514 | D        | Reached **** piety under Okawaru
   515 | D        | Reached skill level 15 in Shields
   522 | D        | Killed a green ugly thing
   523 | D        | Reached skill level 15 in Axes
   523 | D        | Reached skill level 10 in Invocations
   590 | D        | Noticed Psyche
   595 | D        | Killed Psyche
   595 | D        | Reached ***** piety under Okawaru
   596 | D        | Reached skill level 1 in Dodging
   754 | D        | Noticed a cane toad
   754 | D        | Noticed a cane toad
   758 | D        | Killed a cane toad
   759 | D        | Reached skill level 1 in Throwing
   760 | D        | Noticed a cane toad
   762 | D        | Killed a cane toad
   763 | D        | Reached XP level 10. HP: 92/94 MP: 8/16
   782 | D        | Killed a cane toad
   818 | D        | Noticed an elephant
   833 | D        | Received a gift from Okawaru
   834 | D        | Reached skill level 5 in Dodging
   837 | D        | Killed an elephant
   840 | D        | Noticed a cane toad
   856 | D        | Identified the +10 quarterstaff of the Purse {drain, rElec
                  | rPois Int+2 Dex+3} (Okawaru gifted it to you in the
                  | Dungeon)
   856 | D        | Received a gift from Okawaru
   857 | D        | Reached skill level 5 in Throwing
   859 | D        | Killed a cane toad
  1112 | D        | Reached skill level 10 in Armour
  1380 | D        | Noticed an ettin
  1388 | D        | Killed an ettin
  1389 | D        | Reached XP level 11. HP: 89/105 MP: 10/18
  1472 | D        | Noticed an orc knight
  1486 | D        | Noticed an orc knight
  1490 | D        | Noticed an orc knight
  1496 | D        | Killed an orc knight
  1506 | D        | Killed an orc knight
  1506 | D        | Identified the +5 broad axe of Homuos {spect, Stlth+}
                  | (Okawaru gifted it to you in the Dungeon)
  1506 | D        | Received a gift from Okawaru
  1522 | D        | Killed an orc knight
  1771 | D        | Found Peohogice's Jewellery Boutique.
  1771 | D        | Noticed an orc high priest
  1771 | D        | Noticed an orc high priest
  1771 | D        | Noticed an orc knight
  1771 | D        | Noticed an orc knight
  1771 | D        | Noticed an orc knight
  1776 | D        | Noticed a sixfirhy
  1781 | D        | Noticed an orc high priest
  1785 | D        | Killed an orc knight
  1788 | D        | Noticed a soul eater
  1788 | D        | Killed an orc knight
  1806 | D        | Killed an orc knight
  1807 | D        | Noticed a sun demon
  1811 | D        | Killed an orc high priest
  1812 | D        | Noticed an orc high priest
  1815 | D        | Killed an orc high priest
  1820 | D        | Killed an orc high priest
  1820 | D        | Received a gift from Okawaru
  1822 | D        | Noticed an orc high priest
  1822 | D        | Found Zimaimu's Assorted Antiques.
  1822 | D        | Noticed an orc high priest
  1829 | D        | Noticed a soul eater
  1829 | D        | Killed an orc high priest
  1830 | D        | Reached skill level 10 in Dodging
  1830 | D        | Found Deojaetifa's Antique Armour Boutique.
  1836 | D        | Killed an orc high priest
  1841 | D        | Killed an orc high priest
  1842 | D        | Reached skill level 15 in Fighting
  1842 | D        | Found Socycuej's Book Shop.
  1845 | D        | Noticed an orc high priest
  1846 | D        | Noticed an orc high priest
  1847 | D        | Noticed an orc high priest
  1847 | D        | Noticed an orc high priest
  1852 | D        | Killed an orc high priest
  1853 | D        | Reached XP level 12. HP: 39/121 MP: 16/20
  1857 | D        | Killed an orc high priest
  1858 | D        | Reached skill level 10 in Throwing
  1862 | D        | Killed an orc high priest
  1873 | D        | Killed an orc high priest
  2176 | D        | Bought 2 potions of haste for 480 gold pieces
  2176 | D        | Bought a sapphire potion for 21 gold pieces
  2176 | D        | Bought a scroll labelled EMEVAI WUDUGA for 24 gold pieces
  2176 | D        | Bought a blue potion for 21 gold pieces
  2182 | D        | Bought a glowing tower shield for 210 gold pieces
  2198 | D        | Bought a +4 ring of protection for 468 gold pieces
  2257 | D        | Noticed Maurice
  2268 | D        | Killed Maurice
  2326 | D        | Found the +10 morningstar "Eos" {elec, Halo rElec}
  2343 | D        | Got the +5 war axe "Worm's Wrath" {flame, rPois}
  2422 | D        | Noticed a centaur warrior
  2425 | D        | Noticed a red very ugly thing
  2428 | D        | Reached skill level 1 in Maces & Flails
  2428 | D        | Reached skill level 15 in Armour
  2437 | D        | Noticed an ice dragon
  2442 | D        | Killed a purple very ugly thing
  2456 | D        | Reached skill level 5 in Maces & Flails
  2465 | D        | Noticed a stone giant
  2472 | D        | Killed a centaur warrior
  2473 | D        | Noticed an ice dragon
  2481 | D        | Noticed an ice dragon
  2484 | D        | Killed an ice dragon
  2497 | D        | Killed a stone giant
  2497 | D        | Identified the +2 hat "Ucethri" {Drain rC+ Int+3 Stlth+}
                  | (Okawaru gifted it to you in the Dungeon)
  2497 | D        | Received a gift from Okawaru
  2504 | D        | Killed an ice dragon
  2504 | D        | Reached ****** piety under Okawaru
  2509 | D        | Killed an ice dragon
  2626 | D        | Noticed a five-headed hydra
  2626 | D        | Noticed a bunyip
  2626 | D        | Noticed a bunyip
  2626 | D        | Noticed an eleionoma
  2629 | D        | Killed an eleionoma
  2630 | D        | Noticed a bunyip
  2644 | D        | Noticed a ghost crab
  2646 | D        | Killed a bunyip
  2651 | D        | Reached skill level 10 in Maces & Flails
  2657 | D        | Killed a bunyip
  2658 | D        | Reached XP level 13. HP: 91/136 MP: 21/21
  2674 | D        | Killed a bunyip
  2976 | D        | Noticed a spark wasp
  2982 | D        | Received a gift from Okawaru
  3001 | D        | Received a gift from Okawaru
  3020 | D        | Killed a spark wasp
  3068 | D        | Noticed a merfolk javelineer
  3069 | D        | Noticed a merfolk impaler
  3084 | D        | Killed a merfolk javelineer
  3111 | D        | Killed a merfolk impaler
  3159 | D        | Received a gift from Okawaru
  3423 | D        | Noticed Erolcha
  3430 | D        | Killed Erolcha
  3430 | D        | Received a gift from Okawaru
  3489 | D        | Noticed an ettin
  3489 | D        | Noticed a lich
  3489 | D        | Noticed a stone giant
  3489 | D        | Noticed a frost giant
  3489 | D        | Noticed a brown very ugly thing
  3489 | D        | Noticed a fire dragon
  3491 | D        | Noticed a sphinx
  3499 | D        | Killed a fire dragon
  3502 | D        | Killed a brown very ugly thing
  3502 | D        | Killed a lich
  3502 | D        | Identified the +0 pair of gloves of the Minstrel {rF+
                  | Will+} (Okawaru gifted it to you in the Dungeon)
  3502 | D        | Received a gift from Okawaru
  3502 | D        | Killed an ettin
  3502 | D        | Killed a sphinx
  3503 | D        | Noticed an ettin
  3507 | D        | Killed a frost giant
  3511 | D        | Killed a stone giant
  3512 | D        | Reached XP level 14. HP: 96/151 MP: 15/22
  3513 | D        | Noticed a stone giant
  3524 | D        | Killed a stone giant
  3524 | D        | Noticed a green very ugly thing
  3526 | D        | Noticed a fire giant
  3529 | D        | Noticed a vampire knight
  3537 | D        | Killed a green very ugly thing
  3546 | D        | Killed a fire giant
  3546 | D        | Noticed a lich
  3552 | D        | Killed a vampire knight
  3563 | D        | Killed a lich
  3765 | D        | Noticed an ironbound preserver
  3765 | D        | Noticed an ironbound preserver
  3771 | D        | Killed an ironbound preserver
  3771 | D        | Identified the +5 mace of Conformity {pain, rF+ Str+2}
                  | (Okawaru gifted it to you in the Dungeon)
  3771 | D        | Received a gift from Okawaru
  3773 | D        | Killed an ironbound preserver
  3776 | D        | Noticed a white very ugly thing
  3789 | D        | Killed a white very ugly thing
  3796 | D        | Noticed an ironbound thunderhulk
  3803 | D        | Reached skill level 15 in Throwing
  3807 | D        | Killed an ironbound thunderhulk
  3808 | D        | Noticed a sphinx
  3811 | D        | Noticed an ironbound preserver
  3812 | D        | Noticed a vault warden
  3826 | D        | Killed an ironbound preserver
  3826 | D        | Identified the +5 morningstar of Intimidation {chaos, rPois
                  | Str+3 Dex-3} (Okawaru gifted it to you in the Dungeon)
  3826 | D        | Received a gift from Okawaru
  3828 | D        | Killed a sphinx
  3833 | D        | Killed a vault warden
  3977 | D        | Noticed Boris
  3994 | D        | Killed Boris
  4178 | D        | Noticed Jory
  4193 | D        | Killed Jory
  4211 | D        | Noticed Mara
  4215 | D        | Noticed fozzywoppz's illusion
  4227 | D        | Killed Mara
  4227 | D        | Received a gift from Okawaru
  4228 | D        | Reached XP level 15. HP: 168/168 MP: 18/23
  4293 | D        | Noticed a nagaraja
  4299 | D        | Noticed a nagaraja
  4299 | D        | Noticed a nagaraja
  4305 | D        | Killed a nagaraja
  4309 | D        | Killed a nagaraja
  4317 | D        | Received a gift from Okawaru
  4321 | D        | Killed a nagaraja
  4338 | D        | Noticed a nagaraja
  4345 | D        | Killed a nagaraja
  4351 | D        | Got a serpentine rune of Zot
  4593 | D        | Noticed Ilsuiw
  4613 | D        | Killed Ilsuiw
  4613 | D        | Received a gift from Okawaru
  4643 | D        | Got a barnacled rune of Zot
  4716 | D        | Noticed an emperor scorpion
  4716 | D        | Noticed an emperor scorpion
  4716 | D        | Noticed an emperor scorpion
  4733 | D        | Killed an emperor scorpion
  4734 | D        | Noticed an emperor scorpion
  4749 | D        | Killed an emperor scorpion
  4750 | D        | Noticed an emperor scorpion
  4757 | D        | Killed an emperor scorpion
  4758 | D        | Noticed an emperor scorpion
  4761 | D        | Noticed an emperor scorpion
  4767 | D        | Killed an emperor scorpion
  4773 | D        | Killed an emperor scorpion
  4782 | D        | Killed an emperor scorpion
  4782 | D        | Identified the +1 ring mail of the Maze {Int+4} (Okawaru
                  | gifted it to you in the Dungeon)
  4782 | D        | Received a gift from Okawaru
  4791 | D        | Killed an emperor scorpion
  4794 | D        | Got a gossamer rune of Zot
  4939 | D        | Reached skill level 15 in Dodging
  4949 | D        | Got a decaying rune of Zot
  5204 | D        | Reached skill level 27 in Fighting
  5226 | D        | Reached XP level 16. HP: 183/183 MP: 24/24
  5266 | D        | Reached skill level 27 in Armour
  5353 | D        | Identified the +7 tower shield of Ginybeh {Dex+4} (Okawaru
                  | gifted it to you in the Dungeon)
  5353 | D        | Received a gift from Okawaru
  5367 | D        | Identified the +0 pair of boots "Neklog" {rPois rC+ Int-3
                  | Dex+8}
  5373 | D        | Noticed a shadow dragon
  5378 | D        | Noticed a shadow dragon
  5383 | D        | Killed a shadow dragon
  5396 | D        | Killed a shadow dragon
  5478 | D        | Noticed a shadow dragon
  5478 | D        | Noticed a golden dragon
  5478 | D        | Noticed a golden dragon
  5478 | D        | Noticed a shadow dragon
  5480 | D        | Noticed a quicksilver dragon
  5484 | D        | Noticed a shadow dragon
  5492 | D        | Killed a golden dragon
  5493 | D        | Noticed a tentacled monstrosity
  5499 | D        | Killed a golden dragon
  5500 | D        | Reached skill level 27 in Shields
  5505 | D        | Killed a shadow dragon
  5506 | D        | Reached skill level 1 in Stealth
  5516 | D        | Killed a tentacled monstrosity
  5516 | D        | Received a gift from Okawaru
  5527 | D        | Killed a shadow dragon
  5531 | D        | Killed a shadow dragon
  5536 | D        | Killed a quicksilver dragon
  5537 | D        | Reached skill level 5 in Stealth
  5538 | D        | Got a silver rune of Zot
  5551 | D        | Got the Meditations on Flinty Fire
  5870 | D        | Got the ring of Diullo Gath {Will+ Dex+2}
  5872 | D        | Got the ring of Ynusin {Fire Fly rElec rCorr Dex-4}
  5874 | D        | Got the ring "Walef" {rF++ Int+3}
  5876 | D        | Got the ring of Dawn {rC+ Dex+3}
  5877 | D        | Found the +14 obsidian axe {vorpal, Mesm Drain Fly SInv}
  5878 | D        | Got the ring of Scepticism {Ice MP+9}
  5937 | D        | Upgraded the game from 0.30-a0-43-gbbf338a72c to
                  | 0.30-a0-528-g8c47a4955b
  5945 | D        | Noticed Margery
  5952 | D        | Reached skill level 1 in Evocations
  5961 | D        | Killed Margery
  6201 | D        | Noticed Louise
  6218 | D        | Killed Louise
  6433 | D        | Noticed Frederick
  6449 | D        | Killed Frederick
  6449 | D        | Received a gift from Okawaru
  6450 | D        | Reached skill level 5 in Evocations
  6469 | D        | Noticed a tentacled monstrosity
  6473 | D        | Noticed a golden dragon
  6475 | D        | Killed a tentacled monstrosity
  6482 | D        | Killed a golden dragon
  6482 | D        | Received a gift from Okawaru
  6483 | D        | Reached XP level 17. HP: 183/191 MP: 22/25
  6509 | D        | Noticed a bone dragon
  6523 | D        | Received a gift from Okawaru
  6526 | D        | Killed a bone dragon
  6528 | D        | Received a gift from Okawaru
  6529 | D        | Reached skill level 10 in Stealth
  6615 | D        | Received a gift from Okawaru
  6655 | D        | Noticed an electric golem
  6665 | D        | Reached skill level 10 in Evocations
  6670 | D        | Noticed a tentacled monstrosity
  6697 | D        | Killed a tentacled monstrosity
  6702 | D        | Killed an electric golem
  6992 | D        | Reached skill level 15 in Invocations
  7054 | D        | Noticed a golden dragon
  7054 | D        | Noticed a quicksilver dragon
  7068 | D        | Killed a quicksilver dragon
  7069 | D        | Killed a golden dragon
  7072 | D        | Noticed a curse toe
  7076 | D        | Received a gift from Okawaru
  7097 | D        | Killed a curse toe
  7390 | D        | Noticed an Orb Guardian
  7390 | D        | Noticed an Orb Guardian
  7390 | D        | Noticed an Orb Guardian
  7390 | D        | Noticed an Orb Guardian
  7390 | D        | Noticed an Orb Guardian
  7390 | D        | Noticed an Orb Guardian
  7392 | D        | Killed an Orb Guardian
  7392 | D        | Noticed an Orb Guardian
  7395 | D        | Noticed an Orb Guardian
  7399 | D        | Killed an Orb Guardian
  7399 | D        | Received a gift from Okawaru
  7404 | D        | Killed an Orb Guardian
  7405 | D        | Killed an Orb Guardian
  7408 | D        | Killed an Orb Guardian
  7408 | D        | Received a gift from Okawaru
  7409 | D        | Killed an Orb Guardian
  7410 | D        | Noticed an Orb Guardian
  7411 | D        | Noticed an Orb Guardian
  7417 | D        | Killed an Orb Guardian
  7417 | D        | Received a gift from Okawaru
  7423 | D        | Killed an Orb Guardian
  7431 | D        | Killed an Orb Guardian
  7440 | D        | Killed an Orb Guardian
  7440 | D        | Received a gift from Okawaru
  7482 | D        | Noticed a tentacled monstrosity
  7482 | D        | Noticed an Orb Guardian
  7482 | D        | Noticed an Orb Guardian
  7482 | D        | Noticed a tentacled monstrosity
  7485 | D        | Noticed an Orb Guardian
  7492 | D        | Noticed an Orb Guardian
  7493 | D        | Killed a tentacled monstrosity
  7494 | D        | Reached XP level 18. HP: 200/200 MP: 11/29
  7496 | D        | Killed a tentacled monstrosity
  7497 | D        | Reached skill level 27 in Throwing
  7499 | D        | Killed an Orb Guardian
  7499 | D        | Received a gift from Okawaru
  7503 | D        | Killed an Orb Guardian
  7516 | D        | Killed an Orb Guardian
  7524 | D        | Killed an Orb Guardian
  7536 | D        | Noticed an ancient lich
  7538 | D        | Killed an ancient lich
  7538 | D        | Received a gift from Okawaru
  7539 | D        | Reached skill level 15 in Evocations
  7546 | D        | Noticed an orb of fire
  7550 | D        | Killed an orb of fire
  7551 | D        | Reached skill level 27 in Dodging
  7554 | D        | Noticed an electric golem
  7560 | D        | Killed an electric golem
  7670 | D        | Noticed an Orb Guardian
  7670 | D        | Noticed an Orb Guardian
  7670 | D        | Noticed an orb of fire
  7678 | D        | Killed an orb of fire
  7680 | D        | Killed an Orb Guardian
  7682 | D        | Noticed an orb of fire
  7687 | D        | Killed an Orb Guardian
  7689 | D        | Noticed an ancient lich
  7691 | D        | Noticed an electric golem
  7692 | D        | Noticed an orb of fire
  7696 | D        | Killed an orb of fire
  7721 | D        | Killed an ancient lich
  7733 | D        | Gained mutation: Your system is resistant to poisons.
                  | (rPois) [an orb of fire]
  7737 | D        | Killed an orb of fire
  7742 | D        | Killed an electric golem
  7749 | D        | Received a gift from Okawaru
  8140 | D        | Noticed an Orb Guardian
  8140 | D        | Noticed an Orb Guardian
  8140 | D        | Noticed an Orb Guardian
  8140 | D        | Noticed an Orb Guardian
  8140 | D        | Noticed an Orb Guardian
  8140 | D        | Noticed an Orb Guardian
  8144 | D        | Killed an Orb Guardian
  8151 | D        | Killed an Orb Guardian
  8157 | D        | Killed an Orb Guardian
  8157 | D        | Received a gift from Okawaru
  8161 | D        | Killed an Orb Guardian
  8168 | D        | Killed an Orb Guardian
  8171 | D        | Killed an Orb Guardian
  8175 | D        | Noticed an Orb Guardian
  8178 | D        | Noticed an Orb Guardian
  8179 | D        | Noticed an Orb Guardian
  8182 | D        | Killed an Orb Guardian
  8189 | D        | Killed an Orb Guardian
  8190 | D        | Noticed an Orb Guardian
  8194 | D        | Killed an Orb Guardian
  8200 | D        | Killed an Orb Guardian
  8201 | D        | Noticed an Orb Guardian
  8203 | D        | Noticed an Orb Guardian
  8210 | D        | Killed an Orb Guardian
  8217 | D        | Killed an Orb Guardian
  8300 | D        | Noticed an ancient lich
  8300 | D        | Noticed an ancient lich
  8301 | D        | Noticed a lich
  8309 | D        | Noticed an ancient lich
  8314 | D        | Noticed a lich
  8314 | D        | Killed an ancient lich
  8322 | D        | Killed an ancient lich
  8322 | D        | Received a gift from Okawaru
  8322 | D        | Noticed an ancient lich
  8325 | D        | Reached XP level 19. HP: 201/207 MP: 35/35
  8336 | D        | Killed an ancient lich
  8336 | D        | Received a gift from Okawaru
  8341 | D        | Reached skill level 27 in Invocations
  8347 | D        | Killed an ancient lich
  8623 | D        | Noticed a Brimstone Fiend
  8634 | D        | Reached skill level 27 in Evocations
  8641 | D        | Reached skill level 1 in Spellcasting
  8670 | D        | Received a gift from Okawaru
  8672 | D        | Reached skill level 5 in Spellcasting
  8682 | D        | Got an elven rune of Zot
  8696 | D        | Noticed the Royal Jelly
  8700 | D        | Reached skill level 15 in Stealth
  8743 | D        | Killed the Royal Jelly
  8776 | D        | Received a gift from Okawaru
  8831 | D        | Paralysed by a floating eye for 2 turns
  8873 | D        | Paralysed by a floating eye for 2 turns
  8888 | D        | Got a slimy rune of Zot
  9259 | D        | Received a gift from Okawaru
  9276 | D        | Reached skill level 10 in Spellcasting
  9809 | D        | Got the Orb of Zot
 10073 | D        | Noticed Ciopnen the pandemonium lord
 10097 | D        | Killed Ciopnen the pandemonium lord
 10165 | D        | Reached XP level 20. HP: 179/216 MP: 36/36
 10344 | D        | Identified the +4 tower shield "Xoxzoxt" {Regen+}
 10369 | D        | Received a gift from Okawaru
 10466 | D        | Noticed Odeasch the pandemonium lord
 10482 | D        | Killed Odeasch the pandemonium lord
 10723 | D        | Identified the +1 crystal plate armour of Liat {+Inv rC+
                  | Str+3 Dex-2} (Okawaru gifted it to you in the Dungeon)
 10723 | D        | Received a gift from Okawaru
 10755 | D        | Noticed Koruntow the pandemonium lord
 10768 | D        | Killed Koruntow the pandemonium lord
 11335 | D        | Noticed Yliusann the pandemonium lord
 11577 | D        | Noticed Pofis the pandemonium lord
 11592 | D        | Killed Pofis the pandemonium lord
 11602 | D        | Noticed Boris
 11616 | D        | Killed Boris
 11739 | D        | Reached skill level 15 in Spellcasting
 11886 | D        | Killed from afar by a Tzitzimitl

Illustrated notes

Levels and vault maps discovered:
D:        linesprint [early_d, line_temple, items_1, d_10, items_2, lair_1,
          lair_end, items_3, orc_1, orc_end, items_4, d_15, swamp_1, shoals_1,
          snake_1, spider_1, d_20, vaults_1, items_5, swamp_end, shoals_end,
          snake_end, spider_end, vaults_end, d_27, items_6, zot_1, zot_end,
          crypt_end, forest_end, elf_end, slime_end, tomb_end, abyss_end,
          pan_hell_end]

Skill      XL: |  1  2  3  4  5  6  7  8  9 10 11 12 13 14 15 16 17 18 19 20 |
---------------+-------------------------------------------------------------+-----
Fighting       | 4 5 6 7 9 10 12 15 18 21 24 27 | 27.0
Axes           | 3 4 5 6 9 11 12 14 15 17 18 | 18.0
Armour         | 4 5 6 7 8 10 13 15 20 24 26 27 | 27.0
Shields        | 4 5 6 7 9 11 12 14 15 17 21 24 27 | 27.0
Invocations    | 3 6 8 10 11 12 17 26 27 | 27.0
Dodging        | 3 7 10 15 21 26 27 | 27.0
Throwing       | 2 6 9 10 11 16 19 23 26 27 | 27.0
Maces & Flails | 10 11 21 26 | 26.4
Stealth        | 9 13 19 22 | 22.9
Evocations     | 7 13 22 27 | 27.0
Spellcasting   | 11 15 | 15.3

Action                   |  1- 3 |  4- 6 |  7- 9 | 10-12 | 13-15 | 16-18 | 19-21 || total
-------------------------+-------+-------+-------+-------+-------+-------+-------++-------
Melee: War axe           |    29 |     2 |       |       |       |       |       ||    31
       Headbutt          |     2 |     4 |     9 |    74 |   150 |   205 |   185 ||   629
       Broad axe         |       |    10 |    37 |   284 |       |       |       ||   331
       Morningstar       |       |       |       |    46 |   447 |   571 |   524 ||  1588
Throw: Javelin           |       |       |       |       |    23 |    68 |    15 ||   106
       Dart              |       |       |       |       |     1 |       |       ||     1
Invok: Heroism           |       |     1 |     2 |     7 |    10 |    13 |     6 ||    39
       Finesse           |       |       |     1 |     7 |    14 |    13 |     8 ||    43
Evoke: Wand              |       |     4 |     2 |     4 |       |       |     2 ||    12
       Lightning rod     |       |       |       |       |       |       |     5 ||     5
  Use: Potion            |     3 |     2 |       |     4 |     1 |     4 |     4 ||    18
       Scroll            |       |     1 |       |     4 |     5 |     2 |     4 ||    16
 Stab: Invisible         |       |       |     2 |     3 |       |       |       ||     5
Armor: Scale mail        |    11 |     3 |       |       |       |       |       ||    14
       Ring mail         |       |     7 |     5 |    11 |       |       |       ||    23
       Plate armour      |       |       |       |     9 |       |       |       ||     9
       Crystal plate arm |       |       |       |    25 |   129 |    67 |    67 ||   288
Dodge: Dodged            |     8 |    10 |     9 |    66 |    72 |   103 |    69 ||   337
Block: Buckler           |     2 |     4 |    10 |    40 |       |       |       ||    56
       Tower shield      |       |       |       |    60 |   257 |   349 |   396 ||  1062

Table legend: (Time is in decaauts) A = Elapsed time spent in this place. B = Non-inter-level travel time spent in this place. C = Inter-level travel time spent in this place. D = Time resting spent in this place. E = Time spent auto-exploring this place. F = Levels seen in this place. G = Mean time per level. A B C D E F G +--------+--------+--------+--------+--------+-----+--------+ Total | 10799 | 10236 | 563 | 4492 | 125 | 1 | 10799.0 | Dungeon | 10799 | 10236 | 563 | 4492 | 125 | 1 | 10799.0 | +--------+--------+--------+--------+--------+-----+--------+

Top non-repeatable levels by time:
       D: 10799 daAuts
